Cogmind - Beta 16.1 @@@ ROGUE MODE // 2026.03.05 @ 23:12:56 Player: StaticNoob Result: Destroyed by H-66 Slayer with Gauss Rifle Performance ------------- Evolutions (5) 2500 Regions Visited (14) 2800 Robots Destroyed (221) 1105 Value Destroyed (10810) 10810 Prototype IDs (11) 220 Alien Tech Used (0) 0 Bonus (6549) 6549 TOTAL SCORE: 23984 Bonus ------- High Alert Combat Kills 1199 Follower Combat Kills 1372 Entered Garrisons 1000 Used RIF Installer 3000 Friendly Fire -22 Cogmind --------- Core Integrity 0/1000 Matter 212/300 Energy 100/100 System Corruption 18% Temperature Cool (0) Movement Core (2350) Ox46 Location -5/Factory Parts ------- > --- POWER (2) -------- (None) > --- PROPULSION (2) --- (None) > --- UTILITY (10) ----- Cargo Storage Unit Experimental Targeting Computer Relay Coupler [NC] (84) Relay Coupler [Grunt] (6) Relay Coupler [Specialist] (28) > --- WEAPON (3) ------- (None) > --- INVENTORY (30) --- Light Nuclear Core Light Nuclear Core Improved Deuterium Engine Micro Fission Core Advanced Heat Sink Advanced Heat Sink Huge Storage Unit Large Battery (200) Large Battery (200) High-capacity Battery (250) High-capacity Matter Pod (200) Core Shielding Hacking Suite Relay Coupler [NC] (34) Relay Coupler [NC] (34) Relay Coupler [NC] (33) Relay Coupler [Brawler] (31) Relay Coupler [Duelist] (38) Relay Coupler [Sentry] (33) Relay Coupler [Heavy] (18) Tesla Rifle Gatling Laser Variable Charge Gun Heavy Beamcaster Faulty Heavy Gatling Laser Disruptor Cannon Heavy Plasma Cannon Plasma Cutter Peak State ------------ > --- POWER ------------ Light Quantum Reactor Light Quantum Reactor > --- PROPULSION ------- Armored Huge Wheel > --- UTILITY ---------- Improved Heat Sink Improved Heat Sink Advanced Heat Sink Cargo Storage Unit Advanced Targeting Computer Advanced Targeting Computer Relay Coupler [Swarmer] Relay Coupler [Grunt] Relay Coupler [Sentry] > --- WEAPON ----------- Heavy Beamcaster Phase Cannon Heavy Plasma Cannon > --- INVENTORY -------- Improved Deuterium Engine Antimatter Reactor Armored Huge Wheel Armored Huge Wheel Improved Heat Sink Huge Storage Unit Large Battery Large Battery High-capacity Battery High-capacity Matter Pod Hacking Suite Relay Coupler [NC] Relay Coupler [NC] Relay Coupler [NC] Relay Coupler [NC] Relay Coupler [Grunt] Relay Coupler [Grunt] Relay Coupler [Grunt] Relay Coupler [Grunt] Relay Coupler [Specialist] Improved Lightning Gun Phase Gun Proton Cannon Disruptor Cannon Heavy Shock Bomb Launcher Heavy Shock Bomb Launcher Improved Remote Datajack Plasma Cutter [Rating: 81] Favorites ----------- Power Improved Deuterium Engine Engine Improved Deuterium Engine Power Core Light Nuclear Core Reactor Light Quantum Reactor Propulsion Armored Huge Wheel Treads Light Treads Wheel Armored Huge Wheel Utility Improved Heat Sink Device Improved Heat Sink Storage Huge Storage Unit Processor Improved Targeting Computer Hackware Relay Coupler [Grunt] Protection Improved Medium Armor Plating Weapon Phase Cannon Energy Gun Improved EM Shotgun Energy Cannon Phase Cannon Ballistic Gun Light Assault Rifle Launcher Heavy Shock Bomb Launcher Special Weapon Improved Remote Datajack Special Melee Weapon Datajack Build | -11 -10 -9 -9 -9 -9 -7 -7 -7 -7 -6 -6 -5 -5 -5 ------- Run | Yrd Mat Mat Sto Gar Rec Fac Gar Fac Gar Fac Gar Fac Gar Fac Slots Evolved 10 | . . 2 . . . 4 . . . 2 . 2 . . Power 1 | . . . . . . 1 . . . . . . . . Propulsion . | . . . . . . . . . . . . . . . Utility 8 | . . 1 . . . 3 . . . 2 . 2 . . Weapon 1 | . . 1 . . . . . . . . . . . . Parts Attached 194 | 6 12 20 1 15 1 21 23 2 24 3 18 16 29 3 Power 39 | 1 1 3 . 4 . 3 6 1 6 . 5 4 5 . Engine 19 | 1 1 3 . 4 . 1 1 . 1 . 4 1 2 . Core 14 | . . . . . . 2 4 1 3 . 1 . 3 . Reactor 6 | . . . . . . . 1 . 2 . . 3 . . Propulsion 23 | 2 4 1 . 6 . 2 2 . 2 . 2 1 1 . Treads 4 | 2 . . . 2 . . . . . . . . . . Leg . | . . . . . . . . . . . . . . . Wheel 19 | . 4 1 . 4 . 2 2 . 2 . 2 1 1 . Hover . | . . . . . . . . . . . . . . . Flight . | . . . . . . . . . . . . . . . Utility 73 | 1 3 5 . 1 . 7 10 1 8 2 8 6 19 2 Device 27 | . . 3 . 1 . 4 5 . 3 1 2 2 6 . Storage 5 | 1 1 . . . . . . . 1 . . . 2 . Processor 8 | . 2 . . . . 2 1 . . . . 1 1 1 Hackware 22 | . . . . . . . 1 . 4 1 6 3 6 1 Protection 11 | . . 2 . . . 1 3 1 . . . . 4 . Artifact . | . . . . . . . . . . . . . . . Weapon 59 | 2 4 11 1 4 1 9 5 . 8 1 3 5 4 1 Energy Gun 24 | . 1 6 . 1 1 5 3 . 3 . 1 3 . . Energy Cannon 17 | . . 2 1 1 . 3 . . 3 1 2 1 2 1 Ballistic Gun 10 | 2 3 2 . . . . 2 . 1 . . . . . Ballistic Cannon . | . . . . . . . . . . . . . . . Launcher 4 | . . 1 . 1 . . . . . . . . 2 . Special Weapon 3 | . . . . . . 1 . . 1 . . 1 . . Impact Weapon . | . . . . . . . . . . . . . . . Slashing Weapon . | . . . . . . . . . . . . . . . Piercing Weapon . | . . . . . . . . . . . . . . . Special Melee Weapon 1 | . . . . 1 . . . . . . . . . . Unidentified Prototypes 3 | . . . . . . 1 . . . . . 1 . 1 Corrupted Parts 1 | . . . . . . . . . . . . . 1 . System Corruption 1 | . . . . . . . . . . . . . 1 . Parts Lost 105 | . 4 6 . 10 1 9 17 . 14 . 8 10 15 11 Power 22 | . 1 1 . 3 . 2 3 . 2 . 2 3 3 2 Propulsion 14 | . 1 1 . 4 . 2 2 . 1 . . 1 1 1 Utility 33 | . . . . . . 2 5 . 5 . 4 4 9 4 Weapon 36 | . 2 4 . 3 1 3 7 . 6 . 2 2 2 4 Highest Loss Streak 11 | . 3 3 . 4 1 4 6 . 8 . 2 3 7 11 To Critical Strikes . | . . . . . . . . . . . . . . . Average Backups 22 | . 6 20 25 23 24 23 22 22 20 26 26 25 24 29 Power 1 | . . 1 1 1 2 1 1 1 1 2 2 1 1 4 Propulsion 1 | . 3 2 2 1 2 1 . 2 2 3 2 1 . . Utility 14 | . 1 9 13 15 17 17 16 16 14 17 16 14 15 18 Weapon 3 | . 1 6 8 4 3 2 1 1 1 3 3 5 5 6 Tool/Special . | . . . . . . . . . . . . . . . Unused Backups 46 | . 4 5 . 2 1 1 6 . 4 . 2 2 2 17 Power 8 | . . 2 . . . 1 . . . . 1 1 . 3 Propulsion 4 | . 3 . . . 1 . . . . . . . . . Utility 26 | . 1 2 . 1 . . 6 . 2 . 1 . 2 11 Weapon 6 | . . . . 1 . . . . 1 . . 1 . 3 Tool/Special 2 | . . 1 . . . . . . 1 . . . . . Average Slot Usage (%) 91 | . 97 98 100 96 99 97 92 92 85 82 85 87 81 87 Engine 6 | . 13 10 11 9 11 8 5 . 4 . 4 2 4 . Core 2 | . . . . . . 5 5 7 6 . 4 1 2 10 Reactor 2 | . . . . . . . 3 7 2 13 3 5 1 . Treads 1 | . 15 . . 6 . . . . . . . . . . Wheel 10 | . 12 21 22 14 22 14 9 7 6 6 5 4 4 5 Device 12 | . . 8 11 11 11 7 17 23 9 6 13 17 18 11 Storage 8 | . 14 11 11 11 11 7 7 7 7 6 6 5 5 5 Processor 9 | . 13 11 11 11 11 22 12 7 7 6 6 7 2 4 Hackware 8 | . . . . . . . . . 13 21 19 20 17 23 Protection 2 | . . 2 . . . 5 6 7 1 . . . 3 4 Energy Gun 8 | . 5 18 22 11 17 11 12 15 3 . 1 4 . . Energy Cannon 9 | . . 3 11 21 14 10 4 . 11 13 15 9 9 10 Ballistic Gun 3 | . 22 9 . . . . 3 7 . . . . . . Special Weapon 1 | . . . . . . . . . 5 6 2 1 4 4 Peak Build Rating 81 | 6 8 22 23 26 26 45 58 57 63 72 75 81 78 80 Average Rating 45 | 4 7 17 22 22 24 38 49 56 51 65 66 74 68 78 On Entrance 40 | . 6 8 22 22 26 25 44 56 56 63 64 65 70 78 Avg Prop Armor Cover (%) 9 | . . . . 9 . . . . . . . . . . Naked Turns . | . . . . . . . . . . . . . . . Heaviest Build 198 | 12 88 101 100 106 106 121 127 123 189 192 193 196 198 193 Greatest Support 40 | 40 40 32 32 40 24 24 28 28 28 28 28 28 28 28 Greatest Overweight (x) 50 | 1 2 3 3 8 4 9 5 4 6 6 6 6 7 50 Average Overweight (x) 4 | . . 2 3 3 4 4 4 4 5 6 6 5 6 6 Largest Inventory Capacity 30 | 8 25 25 25 25 25 25 25 25 30 30 30 30 30 30 Average Capacity 26 | 7 12 25 25 25 25 25 25 25 28 30 30 30 30 30 Most Carried 30 | . 10 25 25 25 25 25 25 25 30 30 30 30 30 30 Average Carried 23 | . 6 20 25 23 24 23 23 25 23 29 29 27 24 29 Final Capacity 30 | 8 25 25 25 25 25 25 25 25 30 30 30 30 30 30 Final Carried 30 | . 9 25 25 25 25 25 25 25 29 30 30 22 30 28 Class Distribution -------------------- 19% | Bothacker-Gunner 18% | Scavenger-Gunner 18% | Botlord-Gunner 14% | Gunner 9% | Mutant 7% | Botlord-Tank 7% | Bothacker-Tank Dominant Class ---------------- Mutant | -10/Materials Gunner | -9/Materials Gunner | -9/Storage Gunner | -9/Garrison Scavenger-Gunner | -9/Recycling Scavenger-Gunner | -7/Factory Bothacker-Tank | -7/Garrison Bothacker-Tank | -7/Factory Bothacker-Gunner | -7/Garrison Bothacker-Gunner | -6/Factory Bothacker-Gunner | -6/Garrison Botlord-Gunner | -5/Factory Botlord-Tank | -5/Garrison Botlord-Gunner | -5/Factory Resources | -11 -10 -9 -9 -9 -9 -7 -7 -7 -7 -6 -6 -5 -5 -5 ----------- Run | Yrd Mat Mat Sto Gar Rec Fac Gar Fac Gar Fac Gar Fac Gar Fac Matter Collected 4565 | 175 420 673 . 325 48 368 675 35 364 37 333 320 740 52 Remotely 44 | . . 44 . . . . . . . . . . . . Salvage Created 10649 | 38 585 2001 . 1059 120 572 2680 . 851 34 848 663 915 283 Parts 520 | 3 45 108 . 68 3 27 91 . 42 3 47 27 45 11 Haulers Intercepted 7 | . 1 4 . . . 2 . . . . . . . . Recyclers Shooed 4 | . 1 1 . . . . . . . . . 1 . 1 Parts Field Recycled . | . . . . . . . . . . . . . . . Retrieved Matter . | . . . . . . . . . . . . . . . Parts Self-Destructed . | . . . . . . . . . . . . . . . Prevented . | . . . . . . . . . . . . . . . Parts Restored . | . . . . . . . . . . . . . . . Kills | -11 -10 -9 -9 -9 -9 -7 -7 -7 -7 -6 -6 -5 -5 -5 ------- Run | Yrd Mat Mat Sto Gar Rec Fac Gar Fac Gar Fac Gar Fac Gar Fac Combat Hostiles Destroyed 193 | . 17 31 . 31 2 9 39 . 14 1 15 11 20 3 Guns 87 | . 17 23 . 8 1 2 28 . 4 . . 4 . . Cannons 64 | . . 2 . 11 1 7 5 . 9 1 15 3 10 . AOE 30 | . . 2 . 12 . . 3 . 1 . . . 9 3 Classes Destroyed 17 | 1 5 5 . 1 . 1 3 . . . . . . 1 Worker 3 | . . 1 . . . . . . . . . 1 . 1 Builder 3 | . 1 1 . . . . . . . . . 1 . . Tunneler 2 | 2 . . . . . . . . . . . . . . Hauler 7 | . 1 4 . . . 2 . . . . . . . . Recycler 2 | . . 1 . . . . . . . . . . . 1 Operator 3 | . . 3 . . . . . . . . . . . . Watcher 6 | . 1 4 . . . . . . . . . 1 . . Swarmer 55 | . 8 . . 16 . . 9 . 4 1 7 . 10 . Cutter 8 | . . . . . . . 2 . 2 . . . 4 . Saboteur 1 | . . . . . . . . . . . . . . 1 Grunt 72 | . 9 19 . 8 . 5 15 . 4 . 1 7 2 2 Brawler 10 | . . 2 . 3 . . 2 . . . . 1 2 . Duelist 6 | . . . . . . . 4 . . . 1 . 1 . Sentry 26 | . . 10 . 2 2 1 3 . 2 . 5 . 1 . Specialist 3 | . . . . . . . 2 . 1 . . . . . Hunter 6 | . . . . . . 1 1 . 1 . . 2 1 . Programmer 8 | . . . . 2 . 2 1 . 1 . 1 1 . . Best Kill Streak 8 | 2 5 8 . 8 1 2 5 . 5 1 3 5 6 5 Combat Bots Only 8 | . 3 7 . 8 1 2 5 . 5 1 3 5 6 3 Max Kills in Single Turn 5 | 1 2 3 . 3 1 1 3 . 1 1 1 2 2 5 Gunslinging 1 | . 1 1 . . . . . . . . . . . . Exploded 3 | . . 1 . 3 . . 2 . 1 . . . 2 3 Melee . | . . . . . . . . . . . . . . . Uniques/NPCs Destroyed . | . . . . . . . . . . . . . . . Combat | -11 -10 -9 -9 -9 -9 -7 -7 -7 -7 -6 -6 -5 -5 -5 -------- Run | Yrd Mat Mat Sto Gar Rec Fac Gar Fac Gar Fac Gar Fac Gar Fac Hostile Shots Fired 1444 | . 109 102 2 115 10 120 226 12 232 . 167 95 125 129 Missed 475 | . 34 27 1 30 5 30 64 8 86 . 74 28 38 50 Hits 969 | . 75 75 1 85 5 90 162 4 146 . 93 67 87 79 Melee 41 | . . 2 . . . . 13 . 4 . 1 4 16 1 Projectile 928 | . 75 73 1 85 5 90 149 4 142 . 92 63 71 78 AOE 3 | . . . . . . . 2 . 1 . . . . . Critical Strikes 32 | . . 3 . 1 . 4 6 . 2 . 1 7 8 . Actively Blocked 1 | . . . . . . . . . . . . . 1 . Damage Taken 13300 | . 720 1031 15 960 72 1150 2084 45 1282 . 1193 1343 1900 1505 Core 2123 | . 123 179 . 99 . 107 209 6 201 . 186 273 289 451 Absorbed by Shields 666 | . . . . . . 107 317 . 230 . 12 . . . Redirected to Shielding 8 | . . . . . . . . . . . . . 8 . Regen/Repaired (Parts) 198 | . . 198 . . . . . . . . . . . . Core Remaining (%) 56 | 100 50 . . . 30 . . . 25 . 78 . . . Volleys Fired 679 | 13 65 100 2 60 8 37 119 . 56 3 63 53 73 27 Largest 3 | 2 2 3 1 3 3 3 3 . 3 2 3 3 2 1 Hottest 260 | 40 60 146 60 180 151 210 225 . 175 170 260 256 196 90 Shots Fired 1461 | 26 122 256 2 136 22 96 322 . 106 4 132 101 108 28 Gun 829 | 26 122 235 . 28 15 49 250 . 44 . 22 38 . . Cannon 545 | . . 21 2 101 7 47 72 . 55 2 100 48 76 14 Launcher 19 | . . . . 7 . . . . . . . . 11 1 Special 68 | . . . . . . . . . 7 2 10 15 21 13 Kinetic 315 | 26 106 120 . . . . 50 . 13 . . . . . Thermal 700 | . 16 13 2 82 . 65 192 . 65 2 122 63 64 14 Explosive 7 | . . . . 7 . . . . . . . . . . Electromagnetic 371 | . . 123 . 47 22 31 80 . 21 . . 23 23 1 Robot Hit Streak 66 | 8 14 19 . 38 63 66 43 . 25 2 20 9 12 6 Robot Miss Streak 5 | 2 3 4 . 5 . 3 4 . 4 1 5 3 4 3 Penetration Max 2 | . . . . . . . 2 . . . . . . . Secondary Targets 11 | . 3 3 . . . . 3 . 2 . . . . . Max Gunslinging Chain 1 | . 1 1 . . . . 1 . 1 . . . . . Shots Hit Robots 957 | 17 83 176 . 79 19 68 238 . 81 2 68 63 53 10 Core Hits 486 | 6 37 81 . 51 7 34 145 . 33 1 25 21 34 11 Critical Kills 3 | . 2 . . . . . . . . . . 1 . . Critical Parts Destroyed 4 | 1 1 . . . . . 2 . . . . . . . Critical Strikes 14 | 1 3 1 . . 1 1 4 . 1 . 1 1 . . Burn 3 | . . . . . . . 2 . . . 1 . . . Meltdown 1 | . . . . . . . . . . . . 1 . . Destroy 6 | 1 3 . . . . . 2 . . . . . . . Corrupt 4 | . . 1 . . 1 1 . . 1 . . . . . Melee Attacks . | . . . . . . . . . . . . . . . Impact . | . . . . . . . . . . . . . . . Slashing . | . . . . . . . . . . . . . . . Piercing . | . . . . . . . . . . . . . . . Sneak Attacks . | . . . . . . . . . . . . . . . Combat Hostiles . | . . . . . . . . . . . . . . . Follow-up Attacks . | . . . . . . . . . . . . . . . Damage Inflicted 22063 | 137 777 2963 . 2316 324 1249 5993 . 1946 29 1828 1739 2101 661 Guns 9943 | 137 777 2246 . 302 212 505 4273 . 618 . 191 682 . . Cannons 8723 | . . 165 . 1438 112 697 1395 . 1230 29 1637 849 1171 . Explosions 3293 | . . 495 . 576 . . 325 . 98 . . 208 930 661 Melee . | . . . . . . . . . . . . . . . Ramming 104 | . . 57 . . . 47 . . . . . . . . Kinetic 2529 | 137 675 853 . . . . 661 . 203 . . . . . Thermal 13178 | . 102 519 . 1493 . 1072 4122 . 1457 29 1828 1403 1153 . Explosive 901 | . . . . 521 . . . . . . . . . 380 Electromagnetic 5351 | . . 1534 . 302 324 130 1210 . 286 . . 336 948 281 Impact . | . . . . . . . . . . . . . . . Slashing . | . . . . . . . . . . . . . . . Piercing . | . . . . . . . . . . . . . . . Highest Corruption 18 | . . 1 1 1 1 3 4 4 4 . 2 9 17 18 Average Corruption 5 | . . 1 1 1 1 2 3 4 4 . 2 6 14 17 Corruption Purged . | . . . . . . . . . . . . . . . Corruption Blocked . | . . . . . . . . . . . . . . . Effects 224 | . . 11 1 7 5 2 50 10 27 . 2 13 66 30 Message Errors 53 | . . 4 . 1 . 1 9 3 5 . 1 3 18 8 Matter Fused 57 | . . 3 . 4 2 . 9 2 7 . . 6 17 7 Heat Flow Errors 34 | . . . 1 . 2 . 5 . 8 . . 2 10 6 Energy Discharges 24 | . . . . . . . 13 2 2 . . 1 5 1 Parts Fused 2 | . . . . . . . . . . . . . 1 1 Data Loss (minor) 26 | . . 3 . 2 . . 4 2 2 . 1 . 8 4 Data Loss (major) 12 | . . . . . . 1 5 1 1 . . . 2 2 Misfires 7 | . . . . . . . 3 . 1 . . 1 1 1 Alerts 4 | . . . . . . . . . 1 . . . 3 . Misdirections 1 | . . . . . . . . . . . . . 1 . Weapon Failures 4 | . . 1 . . 1 . 2 . . . . . . . Overload Shots . | . . . . . . . . . . . . . . . Overflow Damage 415 | . . 10 . 72 . 5 9 . 30 . 5 124 92 68 Projectiles 135 | . . . . 31 . 5 . . 30 . 5 41 23 . Explosions 276 | . . 6 . 41 . . 9 . . . . 83 69 68 Melee 4 | . . 4 . . . . . . . . . . . . Knockbacks . | . . . . . . . . . . . . . . . Impact . | . . . . . . . . . . . . . . . Kinetic . | . . . . . . . . . . . . . . . Secondary . | . . . . . . . . . . . . . . . Self-Inflicted Damage 643 | . . 28 . 88 . 23 84 . 30 . . . 277 113 Shots 16 | . . . . 3 . . 2 . 1 . . . 8 2 Rammed 3 | . . 2 . . . 1 . . . . . . . . Targets Rammed 3 | . . 2 . . . 1 . . . . . . . . Kicked . | . . . . . . . . . . . . . . . Crushed . | . . . . . . . . . . . . . . . Highest Temperature 487 | . 20 350 198 254 158 486 381 . 487 69 351 487 236 272 Average Temperature 98 | . 9 68 115 83 55 173 87 . 86 35 96 184 116 115 Received Heat Transfer 3158 | . 216 435 . 165 18 447 560 24 316 . 179 444 90 264 Effects 15 | . . . . . . 5 3 . 1 . . 3 1 2 Shutdowns 8 | . . . . . . 4 2 . 1 . . 1 . . Energy Bleed 2 | . . . . . . . 1 . . . . 1 . . Interference 3 | . . . . . . . . . . . . . 1 2 Matter Decay 1 | . . . . . . 1 . . . . . . . . Short Circuit 1 | . . . . . . . . . . . . 1 . . Siege Activations . | . . . . . . . . . . . . . . . Martial Activations . | . . . . . . . . . . . . . . . Shielding Activations . | . . . . . . . . . . . . . . . Robots Disrupted 1 | . . . . . . 1 . . . . . . . . Combat Hostiles 1 | . . . . . . 1 . . . . . . . . Robots Corrupted 9 | . . 4 . . . . 2 . . . . 2 1 . Combat Hostiles 9 | . . 4 . . . . 2 . . . . 2 1 . Parts Fried 25 | . . 9 . . 4 4 5 . . . . 1 . 2 Impact Corruptions 1 | . . 1 . . . . . . . . . . . . Robots Melted 6 | . . . . 1 . . 3 . . . . 2 . . Combat Hostiles 3 | . . . . . . . 1 . . . . 2 . . Parts Melted 30 | . . . . 5 . 6 9 . . . 4 3 3 . Heat Transferred 20506 | . 225 637 . 2270 . 1874 7971 . 1762 37 2220 1910 1600 . Parts Sabotaged 1 | . . . . . . . . . . . . . . 1 Parts Stolen . | . . . . . . . . . . . . . . . Parts Stripped . | . . . . . . . . . . . . . . . Power Chain Reactions 18 | . . 6 . 2 . . 2 . 2 . . . 6 . Alert | -11 -10 -9 -9 -9 -9 -7 -7 -7 -7 -6 -6 -5 -5 -5 ------- Run | Yrd Mat Mat Sto Gar Rec Fac Gar Fac Gar Fac Gar Fac Gar Fac Maximum Alert Level 4 | . . 1 . 3 2 . 4 2 3 2 4 2 4 2 Low Security (%) 37 | 100 100 96 100 33 61 100 14 . . 11 20 . . . Level 1 11 | . . 3 . 5 20 . 9 . . 41 4 60 13 . Level 2 24 | . . . . 24 18 . 30 100 37 47 14 39 18 100 Level 3 24 | . . . . 36 . . 41 . 62 . 59 . 50 . Level 4 2 | . . . . . . . 5 . . . 2 . 17 . Level 5 . | . . . . . . . . . . . . . . . High Security . | . . . . . . . . . . . . . . . Max Security . | . . . . . . . . . . . . . . . Peak Influence 1217 | 5 167 233 37 1030 463 57 1132 594 906 475 1114 584 1217 638 Initial 638 | . . 25 33 5 463 34 23 594 381 475 126 584 275 638 Average 441 | 1 78 76 25 517 217 16 668 528 700 327 669 405 782 517 Influence Increases 8429 | 10 514 964 5 1125 113 281 1399 121 705 35 1188 539 1212 218 Destroy 0b10 Robot/C 4720 | . 340 620 . 620 80 180 840 80 380 20 640 280 560 80 Destroy 0b10 Robot/NC 225 | 10 15 70 . 15 5 10 55 . 10 . 10 15 . 10 Destroy Leader 666 | . 84 216 . 30 . 54 60 10 40 . 40 72 40 20 Allied During Kill 252 | . . . . . 8 18 21 14 13 . 123 15 31 9 Successful Hack 193 | . 30 21 4 14 20 14 . 2 . . . 31 30 27 Disable Machine 150 | . . . . 15 . . . 15 . 15 15 45 15 30 Anti-Garrison Action 1550 | . . . . 250 . . 400 . 200 . 300 . 400 . Destroy Structure 328 | . . 22 1 76 . 5 8 . 32 . 30 36 76 42 Lose Combat Pursuer 345 | . 45 15 . 105 . . 15 . 30 . 30 45 60 . Influence Decreases 8029 | 10 454 943 78 103 1061 330 300 708 344 761 254 1260 388 1035 Entered New Map 3125 | . . 35 48 3 567 48 10 538 164 431 54 530 118 579 Time Decay 2677 | 10 414 561 30 . 334 222 . 150 . 160 . 510 . 286 Lost Part 1000 | . 40 60 . 100 10 40 170 . 140 . 80 100 150 110 Lost Ally 640 | . . . . . . 20 120 20 40 20 120 120 120 60 Purge Threat 587 | . . 287 . . 150 . . . . 150 . . . . Squads Dispatched 25 | . 5 5 . . . 4 . 1 . . . 7 . 3 Investigation 8 | . 4 2 . . . . . . . . . 2 . . Extermination 4 | . . . . . . 2 . . . . . 1 . 1 Reinforcement 8 | . 1 3 . . . 2 . . . . . 2 . . Assault 2 | . . . . . . . . . . . . . . 2 Garrison 3 | . . . . . . . . 1 . . . 2 . . Intercept . | . . . . . . . . . . . . . . . Searches Triggered . | . . . . . . . . . . . . . . . Construction Impeded . | . . . . . . . . . . . . . . . Haulers Reinforced 1 | . . . . . . 1 . . . . . . . . Active Scanning Responses . | . . . . . . . . . . . . . . . Cargo Convoy Interrupts 1 | . . . . . . . . . . . . . . 1 Stealth | -11 -10 -9 -9 -9 -9 -7 -7 -7 -7 -6 -6 -5 -5 -5 --------- Run | Yrd Mat Mat Sto Gar Rec Fac Gar Fac Gar Fac Gar Fac Gar Fac Distress Signals 5 | . . 2 . . . . . . . 1 . 1 . 1 Communications Jammed 35 | . . . . . . . . . . . . . . 35 Distress Signals 35 | . . . . . . . . . . . . . . 35 Times Spotted 344 | . 32 40 1 36 5 13 42 7 26 3 41 33 38 27 Peak Tracking Total 17 | . 5 5 3 8 1 4 4 5 4 2 7 7 9 17 Tactical Retreats 18 | . 3 1 . 4 . . 1 . 2 . 1 3 3 . Traps | -11 -10 -9 -9 -9 -9 -7 -7 -7 -7 -6 -6 -5 -5 -5 ------- Run | Yrd Mat Mat Sto Gar Rec Fac Gar Fac Gar Fac Gar Fac Gar Fac Traps Triggered 35 | . 5 1 . 4 . . 2 . 10 . 11 . 2 . Indirectly . | . . . . . . . . . . . . . . . Trap Hack Attempts . | . . . . . . . . . . . . . . . Triggered . | . . . . . . . . . . . . . . . Disarmed . | . . . . . . . . . . . . . . . Reprogrammed . | . . . . . . . . . . . . . . . Reused . | . . . . . . . . . . . . . . . Traps Extracted . | . . . . . . . . . . . . . . . Installed . | . . . . . . . . . . . . . . . Triggered . | . . . . . . . . . . . . . . . Machines | -11 -10 -9 -9 -9 -9 -7 -7 -7 -7 -6 -6 -5 -5 -5 ---------- Run | Yrd Mat Mat Sto Gar Rec Fac Gar Fac Gar Fac Gar Fac Gar Fac Machines Disabled 27 | . . . . 4 . . 3 1 2 1 5 3 6 2 Max in Single Turn 2 | . . . . 2 . . 1 . 1 1 1 2 1 1 Garrison Relay 16 | . . . . 3 . . 3 . 2 . 4 . 4 . Machines Repaired . | . . . . . . . . . . . . . . . Machines Dismantled 1 | . . . . . . . . . . . 1 . . . Machines Sabotaged . | . . . . . . . . . . . . . . . Overloaded Fab Kills . | . . . . . . . . . . . . . . . Hacking | -11 -10 -9 -9 -9 -9 -7 -7 -7 -7 -6 -6 -5 -5 -5 --------- Run | Yrd Mat Mat Sto Gar Rec Fac Gar Fac Gar Fac Gar Fac Gar Fac Machines Accessed 68 | . 10 12 2 1 9 6 2 5 1 4 2 8 3 3 Terminals 46 | . 8 9 1 1 5 3 2 2 1 3 2 3 3 3 Fabricators 4 | . . . . . . 1 . . . . . 3 . . Repair Stations 2 | . . 2 . . . . . . . . . . . . Recycling Units 7 | . 2 . . . 4 . . . . . . 1 . . Scanalyzers 4 | . . 1 . . . 1 . 2 . . . . . . Garrison Access 5 | . . . 1 . . 1 . 1 . 1 . 1 . . Total Hacks 167 | . 24 39 4 3 22 11 5 14 1 8 7 17 8 4 Successful 74 | . 11 24 3 1 8 5 . 9 . 3 . 7 2 1 Failed 92 | . 13 14 1 2 14 6 5 5 1 5 7 10 6 3 Catastrophic 21 | . . 2 . 1 3 2 2 2 1 3 2 1 2 . Database Lockouts 1 | . . 1 . . . . . . . . . . . . Manual 77 | . 21 18 1 1 12 6 . 2 . 7 . 8 1 . Terminals 110 | . 20 24 3 3 13 6 5 3 1 6 7 7 8 4 Fabricators 8 | . . . . . . 2 . . . . . 6 . . Repair Stations 11 | . . 11 . . . . . . . . . . . . Recycling Units 15 | . 4 . . . 9 . . . . . . 2 . . Scanalyzers 15 | . . 4 . . . 2 . 9 . . . . . . Garrison Access 8 | . . . 1 . . 1 . 2 . 2 . 2 . . Terminal Hacks 20 | . 2 6 1 1 5 1 . . . 1 . . 2 1 Part Schematic 3 | . 1 . . . 2 . . . . . . . . . Robot Analysis 2 | . 1 . 1 . . . . . . . . . . . Prototype ID Bank 3 | . . 1 . . 2 . . . . . . . . . Branch Access Points 1 | . . 1 . . . . . . . . . . . . Emergency Access Points 1 | . . . . 1 . . . . . . . . . . Terminal Index 2 | . . 1 . . . 1 . . . . . . . . Alert Level 1 | . . 1 . . . . . . . . . . . . Unreport Threat 4 | . . 2 . . 1 . . . . 1 . . . . Locate Traps 1 | . . . . . . . . . . . . . . 1 Garrison Registry 1 | . . . . . . . . . . . . . 1 . Security Stations 1 | . . . . . . . . . . . . . 1 . Fabricator Hacks 3 | . . . . . . 1 . . . . . 2 . . Network Status 2 | . . . . . . 1 . . . . . 1 . . Build 1 | . . . . . . . . . . . . 1 . . Repair Station Hacks 9 | . . 9 . . . . . . . . . . . . Scan Component 5 | . . 5 . . . . . . . . . . . . Repair 4 | . . 4 . . . . . . . . . . . . Recycling Unit Hacks 6 | . 2 . . . 3 . . . . . . 1 . . Retrieve Components 6 | . 2 . . . 3 . . . . . . 1 . . Scanalyzer 11 | . . 3 . . . . . 8 . . . . . . Insert Component 4 | . . 2 . . . . . 2 . . . . . . Analyze 1 | . . . . . . . . 1 . . . . . . Retrieve Study 6 | . . 1 . . . . . 5 . . . . . . Garrison Access Hacks 5 | . . . 1 . . 1 . 1 . 1 . 1 . . Unlock Access 5 | . . . 1 . . 1 . 1 . 1 . 1 . . Unauthorized Hacks 20 | . 7 6 1 . . 2 . . . 1 . 3 . . Terminals 17 | . 6 6 1 . . 2 . . . 1 . 1 . . Assimilate 1 | . . . . . . . . . . . . 1 . . Botnet 1 | . . 1 . . . . . . . . . . . . Operators 1 | . . . . . . . . . . 1 . . . . Skim 14 | . 6 5 1 . . 2 . . . . . . . . Fabricators 1 | . . . . . . . . . . . . 1 . . Fabnet 1 | . . . . . . . . . . . . 1 . . Repair Stations . | . . . . . . . . . . . . . . . Recycling Units 1 | . 1 . . . . . . . . . . . . . Recyclers 1 | . 1 . . . . . . . . . . . . . Scanalyzers . | . . . . . . . . . . . . . . . Garrison Access 1 | . . . . . . . . . . . . 1 . . Reprogram 1 | . . . . . . . . . . . . 1 . . Data Cores Recovered 1 | . . 1 . . . . . . . . . . . . Used 1 | . . 1 . . . . . . . . . . . . Hacking Detections 61 | . 9 8 1 1 9 6 2 5 1 4 2 7 3 3 Full Trace Events 4 | . . . . . . . 1 . . . . 1 2 . Feedback Events . | . . . . . . . . . . . . . . . Feedback Blocked . | . . . . . . . . . . . . . . . Robot Schematics Acquired . | . . . . . . . . . . . . . . . Robots Built . | . . . . . . . . . . . . . . . Authchips . | . . . . . . . . . . . . . . . Time . | . . . . . . . . . . . . . . . Total Robot Build Rating . | . . . . . . . . . . . . . . . Part Schematics Acquired 4 | . 1 . . . 2 . . 1 . . . . . . Parts Built 2 | . . . . . . . . . . . . 2 . . Authchips . | . . . . . . . . . . . . . . . Time 139 | . . . . . . . . . . . . 139 . . Total Part Build Rating 18 | . . . . . . . . . . . . 18 . . Part Studies Acquired 6 | . . 1 . . . . . 5 . . . . . . Parts Repaired 4 | . . 4 . . . . . . . . . . . . Time 148 | . . 148 . . . . . . . . . . . . Parts Recycled . | . . . . . . . . . . . . . . . Recycled Matter . | . . . . . . . . . . . . . . . Retrieved Matter . | . . . . . . . . . . . . . . . Retrieved Components 20 | . 11 . . . 6 . . . . . . 3 . . Parts Scanalyzed 1 | . . . . . . . . 1 . . . . . . Part Schematics Acquired 1 | . . . . . . . . 1 . . . . . . Parts Damaged . | . . . . . . . . . . . . . . . Bothacking | -11 -10 -9 -9 -9 -9 -7 -7 -7 -7 -6 -6 -5 -5 -5 ------------ Run | Yrd Mat Mat Sto Gar Rec Fac Gar Fac Gar Fac Gar Fac Gar Fac Used RIF Installer 6 | . . . . 1 . . 1 . 1 . 1 . 2 . Coupler Efficiency 1 | . . . . . . . 1 . . . . . . . Code Merge 1 | . . . . . . . . . . . . . 1 . Command Fork 1 | . . . . . . . . . 1 . . . . . Signal Jammer 1 | . . . . . . . . . . . . . 1 . Program Shield 1 | . . . . . . . . . . . 1 . . . Robots Hacked 39 | . . . . . . . . . 5 1 8 10 11 4 Non-combat 3 | . . . . . . . . . . . . 2 . 1 Combat 36 | . . . . . . . . . 5 1 8 8 11 3 Robot Hacks Applied 42 | . . . . . . . . . 5 1 9 11 11 5 parse_system 3 | . . . . . . . . . . . 1 1 . 1 drop_inventory 1 | . . . . . . . . . . . . 1 . . map_route 2 | . . . . . . . . . . . . 1 . 1 spike_heat 1 | . . . . . . . . . . . 1 . . . amplify_resonance 9 | . . . . . . . . . 1 . 3 2 2 1 wipe_record 1 | . . . . . . . . . . . . . 1 . disable_weapons 2 | . . . . . . . . . . . . 1 1 . go_dormant 1 | . . . . . . . . . 1 . . . . . overwrite_iff 5 | . . . . . . . . . . . 2 1 2 . formatsys_high 17 | . . . . . . . . . 3 1 2 4 5 2 Relay Couplers Released 64 | . . . . 10 . . 12 . 8 . 17 . 17 . Machine Destruction 64 | . . . . 10 . . 12 . 8 . 17 . 17 . Attached 22 | . . . . . . . 1 . 4 1 6 3 6 1 Merged Code Value 83 | . . . . . . . . . . . . . 63 20 Fabnet Peak Effective % . | . . . . . . . . . . . . . . . Robots Rewired 13 | . . . . . 4 . 9 . . . . . . . Allies Hacked . | . . . . . . . . . . . . . . . Hacks Repelled . | . . . . . . . . . . . . . . . Allies | -11 -10 -9 -9 -9 -9 -7 -7 -7 -7 -6 -6 -5 -5 -5 -------- Run | Yrd Mat Mat Sto Gar Rec Fac Gar Fac Gar Fac Gar Fac Gar Fac Total Allies 40 | . . . . . 4 . 9 . 3 1 6 7 7 3 Largest Group 6 | . . . . . 4 4 6 3 1 2 4 3 4 2 Highest-Rated Group 120 | . . . . . 42 42 120 120 40 48 116 87 116 58 Highest-Rated Ally 49 | . . . . . 21 21 40 40 40 32 46 49 49 49 Total Orders . | . . . . . . . . . . . . . . . Ally Attacks 228 | . . . . . 7 14 25 11 16 2 57 33 49 14 Total Damage 4185 | . . . . . 110 62 397 321 361 15 1285 513 841 280 Kills 44 | . . . . . 3 . 3 4 5 . 17 3 8 1 Allies Corrupted . | . . . . . . . . . . . . . . . Allies Melted . | . . . . . . . . . . . . . . . Intel | -11 -10 -9 -9 -9 -9 -7 -7 -7 -7 -6 -6 -5 -5 -5 ------- Run | Yrd Mat Mat Sto Gar Rec Fac Gar Fac Gar Fac Gar Fac Gar Fac Active Infowar (turns) 2308 | . . . . . . 948 1360 . . . . . . . Optics 2308 | . . . . . . 948 1360 . . . . . . . Robot Analysis Total 2 | . 1 . 1 . . . . . . . . . . . Derelict Logs Recovered . | . . . . . . . . . . . . . . . Drone Launches . | . . . . . . . . . . . . . . . Drone Recoveries . | . . . . . . . . . . . . . . . Exploration | -11 -10 -9 -9 -9 -9 -7 -7 -7 -7 -6 -6 -5 -5 -5 ------------- Run | Yrd Mat Mat Sto Gar Rec Fac Gar Fac Gar Fac Gar Fac Gar Fac Turns Passed 15648 | 113 1154 2064 62 1287 748 951 2084 312 1327 338 1487 1398 1687 636 Spaces Moved 7427 | 48 618 966 40 605 441 498 931 196 594 180 656 559 774 321 Core 7 | 6 . . . . . . . . . . . . . 1 Treads 422 | 42 300 . . 80 . . . . . . . . . . Legs . | . . . . . . . . . . . . . . . Wheels 6998 | . 318 966 40 525 441 498 931 196 594 180 656 559 774 320 Hover . | . . . . . . . . . . . . . . . Flight . | . . . . . . . . . . . . . . . Fastest Speed 50 | 50 80 120 135 120 150 150 145 150 135 180 180 165 165 165 Average Speed 160 | 149 134 129 135 170 150 152 158 151 170 180 180 179 181 187 Slowest Speed 2550 | 160 160 145 135 560 150 225 165 160 180 180 180 180 195 2550 Overloaded Moves . | . . . . . . . . . . . . . . . Propulsion Burnouts . | . . . . . . . . . . . . . . . Robots Hopped . | . . . . . . . . . . . . . . . Potential Cave-ins . | . . . . . . . . . . . . . . . Cave-ins Triggered . | . . . . . . . . . . . . . . . Exploration Rate (%) 46 | 4 93 92 15 58 86 18 75 7 64 6 78 19 62 13 Regions Visited 14 Branch Regions 2 Pre-discovered Areas 3 | . 1 2 . . . . . . . . . . . . Known Exits Taken 8 | . 1 1 1 . 1 1 . 1 . 1 . 1 . . Unknown Exits Taken 1 | 1 . . . . . . . . . . . . . . Scrap Searched . | . . . . . . . . . . . . . . . Spaces Dug 21 | . . 2 1 . . 2 . . . . . 3 . 13 Terrain Destroyed 145 | . . 18 1 30 . 5 9 . 2 . . 19 27 34 Melee . | . . . . . . . . . . . . . . . Projectile 46 | . . 2 1 . . 5 6 . . . . 14 4 14 AOE 99 | . . 16 . 30 . . 3 . 2 . . 5 23 20 Terrain Rammed . | . . . . . . . . . . . . . . . Walls Destroyed . | . . . . . . . . . . . . . . . Machines Disabled . | . . . . . . . . . . . . . . . Actions | -11 -10 -9 -9 -9 -9 -7 -7 -7 -7 -6 -6 -5 -5 -5 --------- Run | Yrd Mat Mat Sto Gar Rec Fac Gar Fac Gar Fac Gar Fac Gar Fac Total 9926 | 66 839 1598 45 747 510 608 1271 212 809 191 837 870 960 363 Wait 980 | . 120 461 1 6 22 14 65 13 21 . 12 209 35 1 Move 7416 | 47 617 965 40 604 440 498 930 195 593 179 655 559 773 321 Hop . | . . . . . . . . . . . . . . . Pick Up 147 | . 17 29 . 12 2 10 16 . 17 2 12 8 18 4 Fast Attach 72 | 6 5 7 . 6 . 5 13 1 7 1 1 4 15 1 Attach 92 | . 4 8 . 6 1 12 12 . 14 3 10 12 8 2 Detach 8 | . . 2 . . . 1 . . 1 2 . 1 1 . Swap 121 | . 3 11 2 11 3 20 15 1 11 1 14 15 13 1 Drop 105 | . 8 13 . 10 1 8 21 2 12 . 7 9 8 6 Fire 679 | 13 65 100 2 60 8 37 119 . 56 3 63 53 73 27 Melee . | . . . . . . . . . . . . . . . Ram 3 | . . 2 . . . 1 . . . . . . . . Kick . | . . . . . . . . . . . . . . . Crush . | . . . . . . . . . . . . . . . Escape Stasis 188 | . . . . 32 . . 8 . 77 . 55 . 16 . Rewire 107 | . . . . . 33 2 72 . . . . . . . Trap . | . . . . . . . . . . . . . . . Miscellaneous 8 | . . . . . . . . . . . 8 . . . Route ------- -11/Scrapyard -10/Materials (discovered 6 exits: *Mat x3 / *Min x2 / Sub) -9/Materials (discovered 6 exits: [*Mat x3] / *Min x2 / *Sto) -9/Storage -9/Garrison -9/Recycling (discovered 2 exits: *Fac / Scr) -7/Factory (discovered 2 exits: [*Low] / Gar) -7/Garrison (discovered 2 exits: *Fac x2) -7/Factory -7/Garrison (discovered 3 exits: *Fac x3) -6/Factory -6/Garrison (discovered 4 exits: *Fac x3 / [*Fac]) -5/Factory -5/Garrison (discovered 3 exits: *Fac x3) -5/Factory History --------- Turn | Location | Event 9 | -11/Scrapyard | Discovered new exit (range 16) 114 | -11/Scrapyard | Entered Materials 240 | -10/Materials | Discovered new exit (range 9) 313 | -10/Materials | Build established: Mutant 378 | -10/Materials | Discovered new exit (range 10) 586 | -10/Materials | Discovered new exit (range 8) 752 | -10/Materials | Lost 3 parts (1n2w) 921 | -10/Materials | Discovered new exit (range 5) 940 | -10/Materials | Learned Storage machine intel 962 | -10/Materials | Discovered new exit (range 16) 998 | -10/Materials | Learned location of 2 exits from Subcaves 1089 | -10/Materials | Learned location of 1 exit from Recycling 1121 | -10/Materials | Learned Storage non-interactive machine intel 1143 | -10/Materials | Learned Storage security intel 1155 | -10/Materials | Learned Storage trap positions 1177 | -10/Materials | Identified exit to Mines 1177 | -10/Materials | Identified exit to Materials 1208 | -10/Materials | Identified exit to Subcaves 1247 | -10/Materials | Learned 4 Recycling zone layouts 1268 | -10/Materials | Entered another Materials area 1268 | -9/Materials | Evolved 2 slots: Utility x1, Weapon x1 1294 | -9/Materials | Discovered new exit (range 15) 1614 | -9/Materials | Build established: Scavenger-Gunner 1749 | -9/Materials | Repaired Com. Wheel 1776 | -9/Materials | Repaired Com. Wheel 1900 | -9/Materials | Discovered new exit (range 5) 2130 | -9/Materials | Central database locked down 2169 | -9/Materials | Discovered new exit (range 16) 2303 | -9/Materials | Discovered new exit (range 16) 2377 | -9/Materials | Lost 3 parts (1n2w) 2391 | -9/Materials | Destroyed 7 combat bots 2651 | -9/Materials | Build established: Gunner 2679 | -9/Materials | Discovered new exit (range 7) 2773 | -9/Materials | Discovered new exit (range 14) 2856 | -9/Materials | Identified exit to Mines 2856 | -9/Materials | Identified exit to Storage 2936 | -9/Materials | Repaired Med. Armor Plating 2993 | -9/Materials | Learned Storage terminal intel 3001 | -9/Materials | Repaired Broken Imp. EM Shotgun 3047 | -9/Materials | Learned 2 Storage zone layouts 3092 | -9/Materials | Learned Storage emergency access door positions 3126 | -9/Materials | Learned location of 2 exits from Materials 3152 | -9/Materials | Learned Storage stockpile data 3166 | -9/Materials | Learned location of 1 exit from Recycling 3191 | -9/Materials | Learned Storage emergency access door positions 3224 | -9/Materials | Learned location of Recycling (-9) 3332 | -9/Materials | Entered Storage 3334 | -9/Storage | Loaded intel: 21 trap records 3338 | -9/Storage | Loaded intel: 35 machine locations 3339 | -9/Storage | Loaded intel: 16 non-interactive machine locations 3340 | -9/Storage | Loaded intel: 14 terminal locations 3394 | -9/Storage | Identified exit to Garrison 3394 | -9/Storage | Entered Garrison 3440 | -9/Garrison | Triggered checkpoint 3454 | -9/Garrison | Garrison Relay disabled 3496 | -9/Garrison | Triggered checkpoint 3819 | -9/Garrison | Triggered checkpoint 3820 | -9/Garrison | Triggered checkpoint 3832 | -9/Garrison | Core integrity fell below 50% 3869 | -9/Garrison | Lost 3 parts (1p2n) 3890 | -9/Garrison | Triggered checkpoint 3931 | -9/Garrison | Destroyed 8 combat bots 3940 | -9/Garrison | Lost 4 parts (1p1n2w) 3966 | -9/Garrison | Discovered new exit (range 10) 3978 | -9/Garrison | Triggered checkpoint 4014 | -9/Garrison | Triggered checkpoint 4032 | -9/Garrison | Installed Relay Interface Framework 4210 | -9/Garrison | Garrison Relay disabled 4210 | -9/Garrison | Garrison Relay disabled 4681 | -9/Garrison | Entered Recycling 4682 | -9/Recycling | Identified exit to Factory 4682 | -9/Recycling | Identified exit to Scraptown 4686 | -9/Recycling | Build established: Scavenger-Gunner 5236 | -9/Recycling | Scanned before Scraplab entrance 5429 | -9/Recycling | Entered Factory 5429 | -7/Factory | Accompanied by 4 allies 5429 | -7/Factory | Evolved 4 slots: Power x1, Utility x3 5632 | -7/Factory | Lost 3 parts (3w) 5946 | -7/Factory | Lost 4 parts (2p1n1u) 5986 | -7/Factory | Discovered new exit (range 15) 6380 | -7/Factory | Identified exit to Garrison 6380 | -7/Factory | Entered Garrison 6414 | -7/Garrison | Triggered checkpoint 6619 | -7/Garrison | Garrison Relay disabled 6666 | -7/Garrison | Triggered checkpoint 6766 | -7/Garrison | Garrison Relay disabled 6846 | -7/Garrison | Spotted B-75 Beast 6848 | -7/Garrison | Spotted B-75 Beast 6890 | -7/Garrison | Triggered checkpoint 6993 | -7/Garrison | Lost 6 parts (1p2n1u2w) 7061 | -7/Garrison | Discovered new exit (range 8) 7120 | -7/Garrison | Triggered checkpoint 7262 | -7/Garrison | Triggered checkpoint 7338 | -7/Garrison | Triggered checkpoint 7577 | -7/Garrison | Discovered new exit (range 8) 7612 | -7/Garrison | Triggered checkpoint 7643 | -7/Garrison | Garrison Relay disabled 7740 | -7/Garrison | Triggered checkpoint 7749 | -7/Garrison | Build established: Bothacker-Gunner 8060 | -7/Garrison | Build established: Scavenger-Tank 8130 | -7/Garrison | Triggered checkpoint 8176 | -7/Garrison | Lost 6 allies 8223 | -7/Garrison | Expanded RIF knowledge: Coupler Efficiency 8464 | -7/Garrison | Entered Factory 8464 | -7/Factory | Accompanied by 3 allies 8509 | -7/Factory | Build established: Bothacker-Tank 8529 | -7/Factory | Allied Derelicts emerged from ambush trap array 8761 | -7/Factory | Garrison activated, responded to threat 8763 | -7/Factory | Identified exit to Garrison 8776 | -7/Factory | Entered Garrison 8776 | -7/Garrison | Accompanied by 1 ally 8854 | -7/Garrison | Triggered checkpoint 8954 | -7/Garrison | Triggered checkpoint 8958 | -7/Garrison | Triggered checkpoint 8996 | -7/Garrison | Core integrity fell below 50% 9061 | -7/Garrison | Lost 8 parts (4u4w) 9133 | -7/Garrison | Triggered checkpoint 9171 | -7/Garrison | Lost 3 parts (1p1n1u) 9307 | -7/Garrison | Discovered new exit (range 12) 9374 | -7/Garrison | Triggered checkpoint 9407 | -7/Garrison | Garrison Relay disabled 9602 | -7/Garrison | Build established: Bothacker-Gunner 9642 | -7/Garrison | Discovered new exit (range 14) 9652 | -7/Garrison | Triggered checkpoint 9689 | -7/Garrison | Garrison Relay disabled 10058 | -7/Garrison | Expanded RIF knowledge: Command Fork 10084 | -7/Garrison | Discovered new exit (range 8) 10103 | -7/Garrison | Entered Factory 10103 | -6/Factory | Accompanied by 1 ally 10103 | -6/Factory | Evolved 2 slots: Utility x2 10113 | -6/Factory | Identified exit to Garrison 10441 | -6/Factory | Entered Garrison 10489 | -6/Garrison | Triggered checkpoint 10532 | -6/Garrison | Garrison Relay disabled 10611 | -6/Garrison | Rescued a captive Derelict 10613 | -6/Garrison | Rescued a captive Derelict 10745 | -6/Garrison | Triggered checkpoint 10799 | -6/Garrison | Triggered checkpoint 10836 | -6/Garrison | Lost 3 allies 10855 | -6/Garrison | Triggered checkpoint 10886 | -6/Garrison | Discovered new exit (range 8) 10940 | -6/Garrison | Garrison Relay disabled 11005 | -6/Garrison | Triggered checkpoint 11024 | -6/Garrison | Discovered new exit (range 5) 11198 | -6/Garrison | Discovered new exit (range 9) 11223 | -6/Garrison | Triggered checkpoint 11246 | -6/Garrison | Garrison Relay disabled 11510 | -6/Garrison | Expanded RIF knowledge: Program Shield 11580 | -6/Garrison | Discovered new exit (range 12) 11631 | -6/Garrison | Triggered checkpoint 11682 | -6/Garrison | Garrison Relay disabled 11811 | -6/Garrison | Build established: Botlord-Gunner 11928 | -6/Garrison | Entered Factory 11928 | -5/Factory | Evolved 2 slots: Utility x2 12401 | -5/Factory | Fabricated Lgt. Quantum Reactor (x2) 12868 | -5/Factory | Lost 3 parts (1n2u) 12980 | -5/Factory | Lost 3 parts (1p2u) 13217 | -5/Factory | Garrison activated, responded to threat 13233 | -5/Factory | Lost 3 parts (2p1w) 13283 | -5/Factory | Identified exit to Garrison 13326 | -5/Factory | Entered Garrison 13326 | -5/Garrison | Accompanied by 1 ally 13352 | -5/Garrison | Triggered checkpoint 13380 | -5/Garrison | Triggered checkpoint 13668 | -5/Garrison | Learned Factory security intel 13758 | -5/Garrison | Triggered checkpoint 13767 | -5/Garrison | System corruption reached 10% 13807 | -5/Garrison | Lost 7 parts (2p4u1w) 13855 | -5/Garrison | Triggered checkpoint 13865 | -5/Garrison | Core integrity fell below 50% 13894 | -5/Garrison | Lost 3 allies 13899 | -5/Garrison | Lost 5 parts (1p1n3u) 14229 | -5/Garrison | Garrison Relay disabled 14357 | -5/Garrison | Build established: Botlord-Tank 14466 | -5/Garrison | Triggered checkpoint 14551 | -5/Garrison | Discovered new exit (range 91) 14551 | -5/Garrison | Discovered new exit (range 19) 14551 | -5/Garrison | Discovered new exit (range 65) 14584 | -5/Garrison | Expanded RIF knowledge: Code Merge 14754 | -5/Garrison | Garrison Relay disabled 14803 | -5/Garrison | Expanded RIF knowledge: Signal Jamming 14965 | -5/Garrison | Garrison Relay disabled 15013 | -5/Garrison | Entered Factory 15031 | -5/Factory | Found Prototype Processor 15031 | -5/Factory | Identified Exp. Targeting Computer 15313 | -5/Factory | First assault squad dispatched 15322 | -5/Factory | Build established: Botlord-Gunner 15631 | -5/Factory | Cargo convoy interrupted 15646 | -5/Factory | Core integrity fell below 20% 15649 | -5/Factory | Destroyed by H-66 Slayer with Gauss Rifle Last Messages --------------- 15642_ I-47 Archangel distress signal jammed. 15642_ Penetrated by Slug. 15642_ Arm. Huge Wheel+ destroyed. 15642_ A-27 Freighter distress signal jammed. 15643_ K-01 Serf collects debris. 15643_ P-70 Sage resets R-10 Processor, system corruption cleaned. 15644_ Penetrated by Slug. 15645_ K-01 Serf collects debris. 15645_ Hvy. Phase Cannon destroyed. 15645_ K-01 Serf collects debris. 15645_ Penetrated by Slug. 15646_ Relay Coupler [Sentry] destroyed. 15648_ Penetrated by Slug. 15648_ K-01 Serf collects debris. 15648_ Slug penetrates I-47 Archangel. 15649_ Slug penetrates Wall. 15649_ Adv. Heat Sink destroyed. 15649_ K-01 Serf collects debris. 15649_ W-25 Informer distress signal jammed. Map ----- +----------------------------------------------------+ | """?????????????????????????????????? | | "" #??????????????????????????????? | | "" #??????????????????????????????? | | ###+##### % "" #??????????????????????????????? | | # ## "" #??????????#???????????????????? | | #"" !! ## ######? +???????????????????? | | #"" ! ## # #? #???????????????????? | | #"T + # # #???????????????????? | | #"" ## """ # # ##################### | | #"" ## T" + # | | # ## """ # # | | ######### # # | | /g # | | #### T####g #k % | | #??####??# # R###+########## | | #???#######/### k # #????? | | #???#! b # kh hk # """" #????? | | ###+######## ! # !hhp # """" #????? | | # # % x*xh # """" #?????? | | + # %% %!! # ""?" #?????? | | # # !=%=*!= # #?????? | | # """ """ # """ %%= # #?????? | | # """ """ # """ !*! # ??#?????? | | # """ """ # """ = #????????????? | | ### #### % #????????????? | | # """ """ ##?# @ k #????????????? | | # """ """ #??# #????????????? | | # """ """ #??#### ; i A #????????????? | | # #?????##### ########????????????? | | ##############?????????# #???????????????????? | | ##????????????????# #???????????????????? | | """" #?????????????????# #???????????????????? | | """" #?????????????????# #???????????????????? | | """" #?????????????????+ +???????????????????? | | """" #?????????????????# #???????????????????? | | """" #?????????????????# #???????????????????? | | """" #?????????????????# #???????????????????? | | #?????????????????# #???????????????????? | | ######?????????????????? #???????????????????? | | ???????????????????????? p#???????????????????? | | ???????????????????????? ?????????????????????? | | ?????????????????????????????????????????????????? | | ?????????????????????????????????????????????????? | | ?????????????????????????????????????????????????? | | ?????????????????????????????????????????????????? | | ?????????????????????????????????????????????????? | | ?????????????????????????????????????????????????? | | ?????????????????????????????????????????????????? | | ?????????????????????????????????????????????????? | | ?????????????????????????????????????????????????? | +----------------------------------------------------+ Best States ------------- Heat Dissipation 116 Energy Generation 45 Energy Capacity 515 Matter Stores 300 Matter Capacity 300 Sight Range 18 Terrain Scan Density 10 Armor Coverage 450 Core Shielding 20 Phase Shifting 15 Evasion (%) 55 Targeting Accuracy 16 Melee Accuracy 6 Target Analysis 5 Recoil Reduction 2 Relay Coupler Types 5 Relay Coupler Value 179 Item Schematics ----------------- Cargo Storage Unit | -10/Materials | Hacked Datajack | -9/Recycling | Hacked Plasma Cutter | -9/Recycling | Hacked Remote Datajack | -7/Factory | Scanalyzed Robot Schematics ------------------ None Fabricated ------------ Lgt. Quantum Reactor | x2 | -5/Factory | Preloaded Repaired ---------- Com. Wheel | 13% | -9/Materials Com. Wheel | 23% | -9/Materials Med. Armor Plating | 14% | -9/Materials Imp. EM Shotgun | 34% | -9/Materials | Broken Studied --------- Com. Wheel | -9/Materials | Hacked Arm. Huge Wheel | -7/Factory | Hacked Gatling Laser | -7/Factory | Hacked Lgt. Nuclear Core | -7/Factory | Hacked Mic. Nuclear Core | -7/Factory | Hacked Remote Datajack | -7/Factory | Hacked Alien Tech Used ----------------- None Achievements -------------- None Challenges ------------ None Game ------ Seed GravityHypercooledDetonator Manual? 0 Play Time 01:59:49 Cumulative 281.3 hours Start 2026.03.05 @ 21:12:43 End 2026.03.05 @ 23:12:56 Sessions 1 Manual Loads 0 Difficulty Rogue Special Mode None Game No. 214 Rogue 214 Adventurer 0 Explorer 0 Win Type - Total 12 Types 8/0/3/1/0/0/0/0/0/0 Lore% 85 Gallery% 71 Achievement% 58 Wizard Run 0 Options --------- Layout 1 ASCII 0 Keyboard 0 Movement Numpad Keybinds 0 Fullscreen 1 Font 24/Smallcaps Map View 50x35 Zoom Use 0% Tactical HUD 1 Map Filters NONE Filters NONE Steam 1 RUN: 96724b15-c0b2-4508-a0e2-679bfd3ea819